 Dungeon Crawl Stone Soup version 0.20.0 (webtiles) character file.

468 Eucla the Slasher (level 7, 0/69 HPs)
             Began as an Octopode Berserker on June 3, 2017.
             Was a Priest of Trog.
             Splashed by a jelly's acid (4 damage)
             ... on level 5 of the Dungeon.
             The game lasted 00:04:25 (2591 turns).

Eucla the Slasher (Octopode Berserker)              Turns: 2591, Time: 00:04:26

Health: 0/69       AC: -15   Str: 21    XL:     7   Next: 8%
Magic:  7/7        EV: 16    Int: 11    God:    Trog [***...]
Gold:   199        SH: 11    Dex: 14    Spells: 6/6 levels left

rFire    . . .     SeeInvis .   a - +1 falchion
rCold    . . .     Gourm    .   e - +1 shield
rNeg     . . .     Faith    .   (helmet restricted)
rPois    .         Spirit   .   g - +3 amulet of reflection
rElec    .         Reflect  +   (no ring)
rCorr    .         Harm     .   o - +5 ring of evasion
MR       .....                  (no ring)
Stlth    ..........             (no ring)
Regen    0.3/turn               (no ring)
MPRegen  0.1/turn               (no ring)
                                (no ring)
                                (no ring)

@: berserking, corroded, very quick
A: almost no armour, stealthy swim, amphibious, 8 rings, constrict 8, camouflage
1, clever 1, gelatinous body 1, MP-powered wands
a: Berserk, Trog's Hand, Burn Spellbooks, Renounce Religion


You were on level 5 of the Dungeon.
You worshipped Trog.
Trog was most pleased with you.
You were not hungry.

You visited 1 branch of the dungeon, and saw 5 of its levels.

You collected 199 gold pieces.

Inventory:

Hand Weapons
 a - a +1 falchion (weapon)
Armour
 e - a +1 shield (worn)
Jewellery
 g - a +3 amulet of reflection (around mantle)
 j - an uncursed amulet of magic regeneration
 o - a +5 ring of evasion (right tentacle)
 u - an uncursed amulet of harm
Wands
 n - a wand of polymorph (12/24)
Scrolls
 c - 2 scrolls of recharging
 p - a scroll of fear
 s - a scroll of fog {unknown}
Potions
 h - 2 potions of cancellation {unknown}
 i - a potion of lignification
 k - a potion of invisibility {unknown}
 l - a potion of haste {unknown}
 q - a potion of degeneration {unknown}
 r - a potion of curing {unknown}
 t - a potion of heal wounds
Books
 m - a book of Necromancy

   Spells                             Type                      Level
   a - Pain                           Necromancy                   1
   b - Animate Skeleton               Necromancy                   1
   c - Vampiric Draining              Necromancy                   3
   d - Regeneration                   Charms/Necromancy            3
   e - Animate Dead                   Necromancy                   4
   f - Control Undead                 Necromancy                   4
   Trog disapproves of the use of such an item.
Comestibles
 b - 6 bread rations
 d - 3 royal jellies
 f - 6 fruits


   Skills:
 - Level 3.0 Fighting
 + Level 7.8 Long Blades
 - Level 3.0 Dodging


You had 6 spell levels left.
You didn't know any spells.

Dungeon Overview and Level Annotations

Branches:
Dungeon (5/15)             Temple (0/1) D:4

Altars:
Elyvilon


Innate Abilities, Weirdness & Mutations

You cannot wear most types of armour.
You are very stealthy in the water. (Stealth+)
You are amphibious.
You can wear up to eight rings at the same time.
You can use your tentacles to constrict eight enemies at once.
Your skin changes colour to match your surroundings (Stealth+).
Your rubbery body absorbs attacks. (AC +1, EV +1)
Your mind is acute. (Int +2)
You expend magic power (3 MP) to strengthen your wands.


Message History

You are too injured to fight recklessly!
You are too injured to fight recklessly!
Unknown command.
A red film seems to cover your vision as you go berserk!
You feel yourself moving faster!
You feel mighty! The jelly hits you.
You are splashed with acid!
The acid burns!
* * * LOW HITPOINT WARNING * * *
You hit the jelly. The acid corrodes you!
Your tentacles burn!
* * * LOW HITPOINT WARNING * * *
The jelly is moderately wounded.
Unknown command.
You hit the jelly.
Your tentacles burn!
* * * LOW HITPOINT WARNING * * *
The jelly is heavily wounded.
The jelly hits you.
* * * LOW HITPOINT WARNING * * *
You are splashed with acid!
The acid burns!
* * * LOW HITPOINT WARNING * * *
You hit the jelly but do no damage.
Your tentacles burn!
You die...

#.#
##.##########.#
#......[...##.#
..........##.#
.........##.##
#...........#
#.......##..#
#.?.....##..#
#...@...##...#
#....J.......#.#
##############.#
.#


You could see a jelly.

Vanquished Creatures
  An ogre (D:4)
  A gnoll shaman (D:4)
  An orc priest (D:4)
  A hound (D:4)
  5 orc wizards (D:4)
  3 gnolls (D:4)
  4 adders
  3 worms (D:2)
  A leopard gecko (D:4)
  6 orcs
  2 ball pythons
  5 bats
  4 giant cockroaches
  8 hobgoblins
  5 jackals
  9 kobolds
  A quokka (D:2)
  8 frilled lizards
  12 goblins
  7 rats
87 creatures vanquished.

Notes
Turn   | Place    | Note
-------+----------+-------------------------------------------
     0 | D:1      | Eucla the Octopode Berserker began the quest for the Orb.
     0 | D:1      | Reached XP level 1. HP: 16/16 MP: 1/1
   226 | D:1      | Reached XP level 2. HP: 21/21 MP: 2/2
   634 | D:1      | Reached skill level 4 in Long Blades
   682 | D:1      | Gained mutation: You expend magic power (3 MP) to strengthen your wands. [potion of mutation]
   682 | D:1      | Gained mutation: Your mind is acute. (Int +2) [potion of mutation]
   711 | D:1      | Reached XP level 3. HP: 23/26 MP: 3/3
   873 | D:1      | Reached ** piety under Trog
  1085 | D:2      | Reached XP level 4. HP: 27/31 MP: 4/4
  1162 | D:2      | Reached skill level 5 in Long Blades
  1825 | D:4      | Reached *** piety under Trog
  1825 | D:4      | Reached XP level 5. HP: 29/36 MP: 5/5
  1833 | D:4      | Noticed an ogre
  1839 | D:4      | Killed an ogre
  1839 | D:4      | Reached skill level 6 in Long Blades
  1871 | D:4      | Reached XP level 6. HP: 41/42 MP: 6/6
  1939 | D:4      | Found a staircase to the Ecumenical Temple.
  1969 | D:4      | Reached skill level 7 in Long Blades
  2090 | D:4      | Reached XP level 7. HP: 33/46 MP: 7/7
  2571 | D:5      | Entered Level 5 of the Dungeon
  2578 | D:5      | Found a white marble altar of Elyvilon.
  2591 | D:5      | Splashed by a jelly's acid

Skill      XL: |  1  2  3  4  5  6 |
---------------+-------------------+-----
Long Blades    | 4 5 6 7 |  7.8
Fighting       | |  3.0
Dodging        | |  3.0

Action                   |  1- 3 |  4- 6 |  7- 9 || total
-------------------------+-------+-------+-------++-------
Melee: Falchion          |    63 |   101 |    15 ||   179
       Constrict         |    14 |    28 |     2 ||    44
       Tentacles         |    14 |    22 |     1 ||    37
Invok: Berserk           |     2 |     3 |     1 ||     6
  Use: Scroll            |     7 |     6 |       ||    13
       Potion            |     1 |     3 |       ||     4
 Stab: Sleeping          |     1 |     4 |     1 ||     6
       Distracted        |       |     1 |     1 ||     2
  Eat: Chunk             |     2 |     5 |     2 ||     9
       Meat ration       |       |       |     1 ||     1
Armor: Skin              |     2 |    22 |       ||    24
Dodge: Dodged            |    31 |    36 |     3 ||    70
Block: Shield            |    26 |    51 |     4 ||    81
       Reflection        |       |     2 |       ||     2
       Rpst.: Falchion   |    10 |     8 |     1 ||    19
